cohdb
Replays
Latest Replays
All Replays
Popular Replays
Top Player Replays
Match Explorer
How It Works
Community
CoH3 Stats
Reddit
Sign in to upload your games and track your stats! →
Sign in with Steam
Match 41852542
Unlisted
Match 41852542
Overview
Messages
Build Orders
End
Panzergrenadier Squad
250 Light Carrier
Construct Light Support Kompanie
250 Light Carrier
Combat Half-tracks
Fire Support Elements
Selects Armored Support Battlegroup
Selects Veteran Gunners
Vehicle Survival Package
Advanced Field Repairs
Flakvierling Half-track
Pak 38 Mechanized Group
Construct Mechanized Kompanie
Emergency Repair Kits
2.5-tonne Medical Truck
Construct Panzerarmee Kommand
Rapid Advance
Selects Salvage Kits
Selects Panzer Storm
Panzer III L Medium Tank
Panzer III L Medium Tank
Tungsten Core Ammunition
254 Reconnaissance Tractor
Panzer III L Medium Tank
Selects Stuka Anti-tank Loiter
Walking Stuka Rocket Launcher
18-tonne Recovery Half-track
Stuka Anti-tank Loiter
Armored Reserves
Advanced Optics
Veteran Squad Leaders
Stuka Anti-tank Loiter
Panzer III L Medium Tank
Panzer III L Medium Tank
哦嗦嘎达
Nuclear Viking
ShiningRay
iExploze
Dave
GGOLTE FAN
CppMonster
jaws2005
0
0
Comments
sign in to comment!
No comments posted yet!